 Dungeon Crawl Stone Soup version 0.29-a0-218-gf2abdc9806 (webtiles) character file.

Game seed: 8571842801543937180

632497 Ijustatesigmund the Epochal (level 27, -10/181 HPs)
             Began as a Gargoyle Fighter on Feb 3, 2022.
             Was an Elder of Cheibriados.
             Mangled by Duggavoe the pandemonium lord (51 damage)
             ... on level 7 of a ziggurat on Feb 25, 2022.
             The game lasted 04:02:23 (71455 turns).

Ijustatesigmund the Epochal (Gargoyle Fighter)     Turns: 71455, Time: 04:02:23

Health: -10/181    AC: 27    Str: 34    XL:     27
Magic:  38/39      EV: 21    Int: 32    God:    Cheibriados [****..]
Gold:   6056       SH: 18    Dex: 16    Spells: 20/46 levels left

rFire   + + +      SeeInvis .   o - +9 eveningstar (holy)
rCold   + . .      Faith    .   U - +5 kite shield {reflect}
rNeg    + + .      Spirit   .   b - +3 fire dragon scales
rPois   ∞          Reflect  +   g - +2 hat {Stlth+}
rElec   +          Harm     .   A - scarf {rC+ rF+}
rCorr   .          Rampage  .   s - +2 pair of gloves {Str+3}
Will    ++...                   S - +2 pair of boots {Stlth+}
Stlth   ++++++....              P - amulet of Pocos {rC+ rN+ Regen+ Dex-2}
HPRegen 1.20/turn               T - +4 ring of slaying
MPRegen 0.26/turn               H - +4 ring of evasion

@: corroded, flying, studying Short Blades, very slow
A: sickness immunity, AC +20, big wings, negative energy resistance 1,
electricity resistance, torment resistance 1, petrification resistance, horns 1,
talons 1, clever 1
}: 4/15 runes: decaying, slimy, silver, gossamer
a: Renounce Religion, Bend Time, Temporal Distortion, Slouch


You were on level 7 of a ziggurat.
You worshipped Cheibriados.
Cheibriados was greatly pleased with you.
You visited 14 branches of the dungeon, and saw 56 of its levels.
You visited the Abyss 4 times.
You visited 1 ziggurat, and saw 7 of its levels.
You also visited: Sewer.

You collected 7918 gold pieces.
You spent 1862 gold pieces at shops.

Inventory:

Hand Weapons
 a - a +8 vorpal morningstar
 o - a +9 eveningstar of holy wrath (weapon)
Missiles
 r - 4 throwing nets (quivered)
Armour
 b - +3 fire dragon scales (worn)
 g - a +2 hat of stealth (worn)
 s - a +2 pair of gloves of strength (worn)
 z - the +6 chain mail of the Moon {-Tele rN+ Regen+ Dex+8}
   (You found it on level 5 of the Vaults)

   Dex:       It affects your dexterity (+8).
   rN:        It protects you from negative energy.
   -Tele:     It prevents most forms of teleportation.
   Regen:     It increases your rate of health regeneration.
 A - a scarf of resistance (worn)
 K - the +8 chain mail of Greed {+Inv rPois Str+4}
   (You found it on level 5 of the Pits of Slime)

   Str:       It affects your strength (+4).
   rPois:     It protects you from poison.
   +Inv:      It lets you turn invisible.
 S - a +2 pair of boots of stealth (worn)
 U - a +5 kite shield of reflection (worn)
Jewellery
 k - a ring of protection from fire
 t - the ring of Balance {rPois AC+4 Int+2}
   (You found it on level 5 of the Pits of Slime)

   [ring of protection]

   AC:        It affects your AC (+4).
   Int:       It affects your intelligence (+2).
   rPois:     It protects you from poison.
 F - the amulet of Roluir {Faith rF- rN+++ Dex-2 SInv}
   (You found it on level 1 of the Lair of Beasts)

   [amulet of faith]

   It allows you to gain divine favour quickly.
   Dex:       It affects your dexterity (-2).
   rF:        It makes you vulnerable to fire.
   rN:        It renders you almost immune to negative energy.
   SInv:      It lets you see invisible.
 H - a +4 ring of evasion (right hand)
 N - a ring of see invisible
 P - the amulet of Pocos (around neck) {rC+ rN+ Regen+ Dex-2}
   (You found it on level 4 of the Lair of Beasts)

   [amulet of regeneration]

   Dex:       It affects your dexterity (-2).
   rC:        It protects you from cold.
   rN:        It protects you from negative energy.
   Regen:     It increases your rate of health regeneration.
 R - a ring of wizardry
 T - a +4 ring of slaying (left hand)
 V - a ring of resist corrosion
 X - the ring of Kuruiled {Wiz rPois Int+2}
   (You found it on level 5 of the Pits of Slime)

   [ring of wizardry]

   It improves your spell success rate.
   Int:       It affects your intelligence (+2).
   rPois:     It protects you from poison.
Wands
 d - a wand of charming (5)
 E - a wand of flame (106)
 J - a wand of iceblast (36)
 L - a wand of digging (11)
 M - a wand of polymorph (13)
 O - a wand of acid (2)
 Q - a wand of paralysis (16)
Scrolls
 h - 9 scrolls of immolation
 i - 8 scrolls of teleportation
 j - 2 scrolls of blinking
 p - 4 scrolls of silence
 u - 8 scrolls of magic mapping
 v - a scroll of torment
 w - a scroll of summoning
 y - 31 scrolls of identify
 B - 7 scrolls of fog
 G - 3 scrolls of brand weapon
 I - 9 scrolls of amnesia
 Z - 2 scrolls of holy word
Potions
 f - a potion of magic
 l - 9 potions of attraction
 m - 6 potions of mutation
 n - 11 potions of lignification
 q - 10 potions of brilliance
 x - 8 potions of curing
 C - 3 potions of resistance
 D - a potion of cancellation
 W - 4 potions of heal wounds
 Y - 5 potions of ambrosia
Miscellaneous
 c - a condenser vane (inert)


   Skills:
 - Level 20.8 Fighting
 - Level 18.0 Maces & Flails
 - Level 17.2 Armour
 - Level 13.5 Dodging
 - Level 13.4 Stealth
 - Level 13.7 Shields
 - Level 10.3 Spellcasting
 + Level 15.9 Necromancy
 - Level 15.1 Translocations
 + Level 24.5 Invocations
 - Level 9.1 Evocations


You had 20 spell levels left.
You knew the following spells:

 Your Spells              Type           Power      Damage    Failure   Level
a - Blink                 Tloc           100%       N/A       1%          2
b - Apportation           Tloc           100%       N/A       1%          1
c - Manifold Assault      Tloc           85%        N/A       1%          5
d - Lesser Beckoning      Tloc           85%        N/A       1%          3
e - Dispersal             Tloc           42%        N/A       2%          6
f - Animate Skeleton      Necr           100%       N/A       0%          1
g - Borgnjor's Revivific  Necr           43%        N/A       65%         8

Your spell library contained the following spells:

 Spells                   Type           Power      Damage    Failure   Level
 Pain                     Necr           100%       1d9       0%          1
 Corpse Rot               Necr/Air       100%       N/A       1%          2
 Gell's Gravitas          Tloc           85%        N/A       1%          3
 Portal Projectile        Hex/Tloc       100%       N/A       1%          3
 Teleport Other           Tloc           85%        N/A       1%          3
 Dispel Undead            Necr           87%        3d28      1%          4
 Excruciating Wounds      Necr           43%        N/A       1%          5
 Death Channel            Necr           43%        N/A       1%          6
 Anguish                  Hex/Necr       30%        N/A       3%          4
 Iskenderun's Mystic Bla  Conj/Tloc      60%        2d13      4%          4
 Magic Dart               Conj           64%        1d6       9%          1
 Sandblast                Erth           32%        2d9       9%          1
 Summon Small Mammal      Summ           64%        N/A       9%          1
 Summon Forest            Summ/Tloc      30%        N/A       12%         5
 Ensorcelled Hibernation  Hex/Ice        32%        N/A       14%         2
 Passwall                 Tmut/Erth      13%        N/A       14%         2
 Poisonous Vapours        Pois/Air       32%        N/A       14%         2
 Searing Ray              Conj           32%        2d5       14%         2
 Confusing Touch          Hex            16%        N/A       26%         3
 Conjure Flame            Conj/Fire      16%        6-21      26%         3
 Dazzling Flash           Conj/Hex       32%        N/A       26%         3
 Frozen Ramparts          Ice            32%        1d5       26%         3
 Ignite Poison            Fire/Tmut/Pois 16%        N/A       26%         3
 Inner Flame              Hex/Fire       16%        N/A       26%         3
 Ozocubu's Armour         Ice            16%        N/A       26%         3
 Spider Form              Tmut/Pois      16%        N/A       26%         3
 Stone Arrow              Conj/Erth      32%        3d9       26%         3
 Tukima's Dance           Hex            16%        N/A       26%         3
 Simulacrum               Ice/Necr       30%        N/A       47%         6
 Airstrike                Air            8%         N/A       65%         4
 Fulminant Prism          Conj/Hex       8%         3d7       65%         4
 Ice Form                 Ice/Tmut       16%        N/A       65%         4
 Leda's Liquefaction      Hex/Erth       8%         N/A       65%         4
 Petrify                  Tmut/Erth      16%        N/A       65%         4
 Sticky Flame             Conj/Fire      16%        2d4       65%         4
 Summon Ice Beast         Ice/Summ       16%        N/A       65%         4
 Summon Lightning Spire   Summ/Air       16%        N/A       65%         4
 Infestation              Necr           43%        N/A       65%         8
 Disjunction              Tloc           42%        N/A       77%         8
 Alistair's Intoxication  Tmut/Pois      10%        N/A       94%         5
 Blade Hands              Tmut           8%         N/A       94%         5
 Fireball                 Conj/Fire      8%         3d6       94%         5
 Freezing Cloud           Conj/Ice/Air   8%         6-21      94%         5
 Irradiate                Conj/Tmut      8%         3d16      94%         5
 Iskenderun's Battlesphe  Conj           16%        2d7       94%         5
 Lee's Rapid Deconstruct  Erth           8%         3d8*      94%         5
 Lightning Bolt           Conj/Air       8%         1d20      94%         5
 Metabolic Englaciation   Hex/Ice        8%         N/A       94%         5
 Yara's Violent Unravell  Hex/Tmut       8%         3d5       94%         5
 Malign Gateway           Summ/Tloc      30%        N/A       98%         7
 Iron Shot                Conj/Erth      8%         9d3       100%        6
 Starburst                Conj/Fire      8%         6d4       100%        6
 Dragon Form              Tmut           8%         N/A       100%        7
 Enfeeble                 Hex            8%         N/A       100%        7
 Ozocubu's Refrigeration  Ice            8%         4d6       100%        7
 Spellforged Servitor     Conj/Summ      8%         N/A       100%        7
 Storm Form               Tmut/Air       8%         N/A       100%        7
 Ignition                 Fire           8%         3d5       100%        8
 Necromutation            Tmut/Necr      30%        N/A       100%        8
 Death's Door             Necr           43%        N/A       100%        9
 Polar Vortex             Ice            8%         N/A       100%        9
 Sublimation of Blood     Necr           Unusable   N/A       N/A         2
 Statue Form              Tmut/Erth      Unusable   N/A       N/A         6

Dungeon Overview and Level Annotations

Branches:
Dungeon (15/15)            Temple (1/1) D:4            Lair (6/6) D:11
  Swamp (4/4) Lair:4       Spider (4/4) Lair:4        Slime (5/5) Lair:5
    Orc (2/2) D:10            Elf (3/3) Orc:2        Vaults (5/5) D:13
  Crypt (3/3) Vaults:2       Tomb (0/3) Crypt:3      Depths (4/4) D:15
   Hell (visited)             Dis (1/7) Hell            Geh (0/7) Hell
    Coc (0/7) Hell            Tar (0/7) Hell            Zot (2/5) Depths:4
  Sewer (visited)

Altars:
Ashenzari
Cheibriados
Dithmenos
Elyvilon
Fedhas
Gozag
Hepliaklqana
Kikubaaqudgha
Makhleb
Nemelex Xobeh
Okawaru
Qazlal
Ru
Sif Muna
Trog
Uskayaw
Vehumet
Wu Jian
Xom
Yredelemnul
Zin
The Shining One
Jiyva

Shops:
D:10 !   D:15 (   Orc:2 :([!   Elf:3 (   Vaults:2 :   Vaults:3 *   Depths:2 ?
Depths:3 :[?(

Portals:
Hell: Depths:1 Depths:2 Depths:3 Depths:4
Abyss: Depths:3
Pandemonium: Depths:1 Depths:2 Depths:4


Innate Abilities, Weirdness & Mutations

You are immune to sickness and miasma.
Your stone body is resilient. (AC +20)
You are immune to poison.
Your large and strong wings let you fly.
You resist negative energy. (rN+)
You are resistant to electric shocks. (rElec)
You are resistant to unholy torment.
You are immune to petrification.
You have a pair of small horns on your head.
You have sharp toenails.
Your mind is acute. (Int +2)


Message History

You block Duggavoe's attack.
The apocalypse crab bites your red ugly thing!
The apocalypse crab claws your red ugly thing.
Your red ugly thing misses Duggavoe.
Your red ugly thing basks in the mutagenic energy from its kin and changes!
Duggavoe sneers, "I will feast on thy lungs!"
Duggavoe closely misses you.
You hit Duggavoe.
Duggavoe convulses!
Duggavoe is almost dead.
Your red ugly thing is no longer petrified.
Your Killer Klown blinks!
The apocalypse crab breathes chaos at you.
The blast of chaos engulfs your red ugly thing.
Your red ugly thing is engulfed in seething chaos.
Your red ugly thing basks in the mutagenic energy from its kin and changes!
Your red ugly thing completely misses Duggavoe.
Duggavoe is engulfed in seething chaos.
Duggavoe hits you!!
* * * LOW HITPOINT WARNING * * *
Duggavoe corrodes you!
You feel much better.
Your purple ugly thing completely misses Duggavoe.
Your white ugly thing is engulfed in seething chaos.
Your white ugly thing flickers and vanishes for a moment.
Your white ugly thing basks in the mutagenic energy from its kin and changes!
The apocalypse crab is engulfed in seething chaos.
The apocalypse crab bites your white ugly thing!
Your white ugly thing is engulfed in flames!
Your white ugly thing dies!
Your white ugly thing's corpse dissolves into shadows!
Duggavoe is engulfed in seething chaos.
Duggavoe flickers and vanishes!
Deactivating autopickup; reactivate with Ctrl-A.
You block something's attack.
Really fly into that cloud of seething chaos? [Y]es or [N]o only, please.
Really fly into that cloud of seething chaos? [Y]es or [N]o only, please.
Really fly into that cloud of seething chaos?
Okay, then.
You completely miss something. Something hits you!!!
You die...

▓.......▓
▓.§§§...▓
▓▓▓▓▓.°§§...▓▓▓▓▓
▓......§§○§.....▓
▓.......§°§...)[▓
▓........§§t§§)∩▓
▓∩.........u§§$>▓
▓..........u{§§∩▓
▓..........uu@))▓
▓...............▓
▓▓▓▓▓......p▓▓▓▓▓
▓.......▓ .......
▓▓▓▓▓▓▓


You could see an apocalypse crab, a friendly Killer Klown (summoned) and 4
friendly ugly things.

Vanquished Creatures
  the Royal Jelly (Slime:5)
  A dread lich (Crypt:3)
  An orb of fire (Zot:2)
  4 ancient liches
  Mennas (Crypt:1)
  A juggernaut (Zig:4)
  Boris (twice) (Vaults:4 Crypt:3)
  Sojobo (Crypt:2)
  The ghost of Zaowoih the Warrior, a veteran GrFi of the Shining One (Crypt:3)
  Frederick (Crypt:2)
  the Lernaean hydra (Swamp:4)
  Margery (Crypt:2)
  Saint Roka (Vaults:3)
  2 curse toes (Zot:1)
  Geryon (Hell)
  2 caustic shrikes (Depths:3)
  2 bone dragons
  A profane servitor (Abyss:4)
  Jory (Crypt:3)
  The ghost of kuniqs the Brawler, an adept TrFi of Jiyva (Swamp:4)
  Arachne (Spider:4)
  An electric golem (Zot:1)
  8 tentacled monstrosities
  Jorgrun (D:15)
  A walking crystal tome (Depths:4)
  Mlioglotl (Swamp:2)
  A shard shrike skeleton (Crypt:3)
  4 liches
  4 titans
  2 walking earthen tomes (Depths:3)
  2 deep elf master archers (Elf:3)
  2 deep elf blademasters (Elf:3)
  2 tentacled starspawn
  23 acid blobs
  10 sphinxes
  Kirke (D:15)
  A thorn hunter (Swamp:2)
  7 ancient champions
  Donald (Swamp:1)
  8 shadow dragons
  12 tengu reavers
  Roxanne (Swamp:2)
  15 rockslimes
  4 revenants (Crypt:3)
  10 storm dragons
  3 draconian monks
  10 azure jellies
  Aizul (Swamp:3)
  11 fire giants
  5 emperor scorpions
  3 deep elf sorcerers
  10 frost giants
  2 balrugs
  A draconian scorcher (Zig:5)
  A draconian knight (Zot:2)
  2 orc warlords
  2 caustic shrike zombies (Crypt:3)
  The ghost of Ruophafu the Carver, a journeyman DsFi of Okawaru (Spider:4)
  2 draconian shifters (Zot:2)
  5 ghouls
  5 deep elf elementalists (Elf:3)
  18 vault wardens
  6 ghost moths
  An angel (Abyss:4)
  2 cacodemons (Abyss:4)
  2 curse skulls
  5 draconian stormcallers
  A juggernaut zombie (Hell)
  Louise (Swamp:2)
  4 reapers
  44 very ugly things
  2 war gargoyles (Vaults:5)
  14 stone giants
  20 quicksilver oozes
  19 ironbound preservers
  3 draconian annihilators
  9 deep elf demonologists
  4 broodmothers
  13 vampire knights
  6 black draconians
  2 eleionomae (Swamp:4)
  9 deep elf annihilators
  A dire elephant (shapeshifter) (Zig:7)
  3 ironbound thunderhulks (Vaults:4)
  9 dire elephants
  4 entropy weavers
  4 lorocyprocas
  3 purple draconians
  7 green draconians
  2 red draconians
  5 bunyips
  5 spark wasps
  6 yellow draconians
  6 white draconians (Zot:1)
  16 ettins
  6 eidola
  6 deep elf death magi
  A green death (Crypt:1)
  2 shambling mangroves
  Josephine (Swamp:1)
  5 fire dragons
  19 jiangshi
  A merfolk javelineer (Depths:2)
  2 iron golems (Hell)
  8 deep elf high priests
  19 yaktaur captains
  21 great orbs of eyes
  9 ice dragons
  4 rakshasas
  6 boulder beetles
  A hell beast (Depths:2)
  7 spriggan air magi
  A caustic shrike simulacrum (Crypt:2)
  2 jorogumos
  A ghost crab (Swamp:1)
  25 hydras
  A boulder beetle (shapeshifter) (Zig:7)
  A peacekeeper (Vaults:3)
  38 vault guards
  5 ogre magi
  3 catoblepae
  An anaconda (shapeshifter) (Zig:6)
  A radroach (Spider:4)
  7 ironbound frosthearts
  A naga warrior (Zig:2)
  3 death knights (Crypt:1)
  15 centaur warriors
  10 death yaks
  A two-headed ogre (shapeshifter) (Abyss:4)
  10 alligators
  19 two-headed ogres
  29 dancing weapons
  A titan zombie (Crypt:3)
  10 deep troll shamans
  14 vampire magi
  9 deep troll earth magi
  7 hell hogs
  9 tengu warriors
  10 thrashing horrors
  9 hell knights
  13 deep elf knights
  16 spriggans
  Sonja (Lair:4)
  2 orc high priests
  5 spriggan berserkers
  37 skeletal warriors (Crypt:3)
  A crystal echidna (Dis:1)
  7 sun demons (Hell)
  6 soul eaters
  A shadow wraith (Crypt:1)
  5 wretched stars (Abyss:4)
  4 spatial maelstroms (Abyss:4)
  12 iron trolls
  2 spark wasp zombies (Hell)
  6 goliath frogs
  2 ghost moth zombies (Crypt:1)
  5 sixfirhies (Abyss:4)
  43 starcursed masses
  6 bog bodies
  2 anaconda zombies (Hell)
  A glowing orange brain (shapeshifter) (Vaults:5)
  2 golden dragon zombies (Hell)
  5 steelbarb worms
  2 pharaoh ants (Spider:4)
  5 glowing orange brains
  2 spriggan druids
  8 flayed ghosts
  69 deep trolls
  18 orb spiders
  A shadow dragon zombie (Hell)
  A bunyip skeleton (Crypt:1)
  2 golden dragon skeletons (Depths:3)
  12 lindwurms
  3 anaconda skeletons
  2 sphinx zombies
  18 wizards
  29 ironbound convokers
  12 swamp dragons
  13 necromancers
  13 deep elf archers
  32 phantasmal warriors
  A stone giant zombie (Hell)
  26 deep elf zephyrmancers
  A mana viper (Abyss:4)
  5 orc knights
  A frost giant zombie (Hell)
  A mana viper (shapeshifter) (Zig:7)
  A shadow dragon skeleton (Depths:3)
  2 wolf spiders (shapeshifter)
  An oklob plant (Lair:5)
  35 deep elf pyromancers
  5 orc sorcerers
  7 shining eyes
  A manticore (D:15)
  3 fire giant zombies
  4 cyclopes
  59 ugly things
  2 will-o-the-wisps
  23 wolf spiders
  3 worldbinders
  2 iron dragon skeletons
  A cyclops (shapeshifter) (Vaults:3)
  A faun (shapeshifter) (Elf:3)
  7 elephants
  6 moths of wrath
  22 vault sentinels
  An ice statue (Hell)
  6 naga magi
  A fire giant skeleton (Vaults:4)
  9 black mambas
  3 eyes of devastation
  A shock serpent zombie (Crypt:3)
  6 rust devils
  2 torpor snails
  6 spriggan zombies
  28 cane toads
  7 smoke demons
  A gargoyle (D:10)
  7 orange demons
  2 unseen horrors
  An apocalypse crab (Abyss:4)
  A human zombie (Vaults:4)
  3 hellions (Hell)
  A yellow draconian zombie (Crypt:2)
  44 yaktaurs
  3 rime drakes
  9 komodo dragons
  2 sea snake zombies (Hell)
  3 hellwings
  11 demonic crawlers
  2 catoblepas zombies (Crypt:2)
  3 kobold demonologists
  5 freezing wraiths
  2 tengu conjurers
  An anaconda simulacrum (Crypt:1)
  An efreet (Abyss:4)
  6 ancient zymes
  7 ice devils (Hell)
  A sea snake skeleton (Crypt:1)
  A hydra zombie (Hell)
  A wind drake (shapeshifter) (Vaults:5)
  2 harpy zombies
  2 red devils
  4 trolls
  A meliai (shapeshifter) (Crypt:1)
  3 meliai (Spider:3)
  25 hornets
  2 polar bears
  30 tarantellas
  6 tyrant leeches
  A moth of wrath zombie (Crypt:3)
  A harpy skeleton (Crypt:2)
  20 raiju
  39 blink frogs
  A stone giant simulacrum (Depths:2)
  A guardian serpent zombie (Crypt:1)
  A meliai zombie (D:10)
  103 slime creatures
  An ettin zombie (Hell)
  12 water elementals
  27 jumping spiders
  An alligator skeleton (Hell)
  26 culicivoras
  22 flying skulls
  A shadow (D:10)
  A yak (shapeshifter) (Vaults:1)
  4 air elementals (Elf:1)
  6 wyverns
  3 vampires (Vaults:2)
  An elf zombie (Vaults:4)
  28 wraiths
  7 ynoxinuls
  26 yaks
  A black mamba skeleton (Crypt:2)
  14 large abominations
  5 fire elementals
  55 redbacks
  17 vampire mosquitoes
  6 basilisks
  4 neqoxecs (Abyss:4)
  13 golden eyes
  A steam dragon (D:9)
  6 chaos spawn
  Menkaure (D:7)
  2 human simulacra (Vaults:4)
  A faun zombie (Crypt:2)
  17 swamp worms
  3 spatial vortices (Abyss:4)
  An acid dragon (D:9)
  3 wargs
  2 tengu zombies
  17 water moccasins
  5 hell hounds (Hell)
  A floating eye (Depths:1)
  A floating eye (shapeshifter) (D:14)
  2 two-headed ogre skeletons (Crypt:2)
  6 swamp drakes (Swamp:4)
  2 hornet zombies
  2 sky beasts
  3 ice beasts
  23 orc warriors
  A necrophage (D:6)
  31 ogres
  A black bear (Lair:1)
  A lindwurm skeleton (Crypt:3)
  8 small abominations
  5 boggarts (Vaults:1)
  9 centaurs
  7 wolves
  A blink frog skeleton (Crypt:3)
  2 human skeletons (Vaults:4)
  3 phantoms
  20 kobold brigands
  A wyvern zombie (D:8)
  Blork the orc (D:5)
  21 bullfrogs
  A salamander skeleton (Crypt:2)
  4 gnoll sergeants
  5 earth elementals
  3 scorpions
  A wyvern skeleton (D:7)
  A water moccasin zombie (D:5)
  A water moccasin skeleton (D:5)
  2 troll zombies (D:10)
  3 killer bees (D:9)
  3 wights (D:8)
  2 howler monkeys
  11 electric eels
  5 centaur zombies
  A bullfrog zombie (D:5)
  3 jellies
  A quasit (D:6)
  A hound (D:7)
  A bullfrog skeleton (D:5)
  2 centaur skeletons (D:5)
  25 orc priests
  An iron imp (Abyss:4)
  5 iguanas
  28 orc wizards
  Natasha (thrice) (D:4)
  A scorpion zombie (D:5)
  A hell rat (Crypt:1)
  A polar bear simulacrum (Lair:2)
  2 killer bee zombies
  7 wolf simulacra (Lair:2)
  A naga zombie (Crypt:3)
  6 ogre zombies (D:10)
  A dwarf skeleton (Crypt:1)
  2 hound zombies (D:5)
  2 howler monkey zombies
  15 gnolls
  10 adders
  A shadow imp (D:8)
  3 white imps
  2 ufetubi
  A halfling zombie (Crypt:2)
  An adder skeleton (D:4)
  3 adder zombies
  92 orcs
  7 ball pythons
  8 bats
  A bat skeleton (Crypt:1)
  7 endoplasms
  5 giant cockroaches
  A gnoll zombie (Crypt:1)
  9 goblins
  8 hobgoblins
  10 jackals
  8 quokkas
  7 frilled lizards
  3 goblin skeletons
  7 goblin zombies
  4 hobgoblin zombies
  40 kobolds
  2 kobold skeletons (D:6)
  2 kobold zombies (D:6)
  4 orc skeletons
  14 orc zombies (D:10)
  6 rats
  3 river rat simulacra (Lair:2)
  A butterfly (Lair:4)
  5 fire vortices (Hell)
  2 starspawn tentacles
2828 creatures vanquished.

Vanquished Creatures (collateral kills)
  An Ice Fiend (Zig:7)
  2 ironbound preservers
  A yaktaur captain (Vaults:5)
  A deep elf high priest (Vaults:5)
  An ironbound frostheart (Vaults:4)
  An ogre mage (Vaults:5)
  A vault sentinel (Vaults:5)
8 creatures vanquished.

Vanquished Creatures (others)
  A deep elf annihilator (Elf:3)
  A deep elf knight (Elf:2)
  2 wizards
  A deep elf zephyrmancer (Elf:1)
  A deep elf pyromancer (Elf:3)
  A yaktaur (Vaults:4)
  2 bloated husks
  A slime creature (Slime:2)
  A raiju (Abyss:4)
  A large abomination (Abyss:4)
  A water elemental (Hell)
  7 humans (D:15)
  A warg (Vaults:3)
  4 small abominations (Abyss:4)
  A bush (Lair:2)
  A creeping inferno (Hell)
  6 foxfires (Swamp:1)
  60 fungi
  3 lurking horrors (Abyss:4)
  218 plants
  5 starspawn tentacles
  9 toadstools (Lair:4)
  7 withered plants
335 creatures vanquished.

Grand Total: 3171 creatures vanquished

Notes
Turn   | Place    | Note
-------+----------+-------------------------------------------
     0 | D:1      | Ijustatesigmund the Gargoyle Fighter began the quest for
                  | the Orb.
     0 | D:1      | Reached XP level 1. HP: 14/14 MP: 1/1
   119 | D:1      | Found a faded altar of an unknown god.
   284 | D:1      | Reached XP level 2. HP: 19/19 MP: 2/2
   991 | D:1      | Reached XP level 3. HP: 24/24 MP: 3/3
  1823 | D:2      | Reached XP level 4. HP: 29/29 MP: 4/4
  2970 | D:3      | Noticed a scorpion
  2984 | D:3      | Killed a scorpion
  2985 | D:3      | Reached XP level 5. HP: 21/34 MP: 5/5
  3279 | D:4      | Reached skill level 5 in Maces & Flails
  3368 | D:4      | Noticed Natasha
  3379 | D:4      | Killed Natasha
  3380 | D:4      | Reached XP level 6. HP: 40/40 MP: 6/6
  3450 | D:4      | Reached skill level 5 in Fighting
  3567 | D:4      | Noticed Natasha
  3577 | D:4      | Killed Natasha
  3921 | D:4      | Noticed Natasha
  3923 | D:4      | Found a staircase to the Ecumenical Temple.
  3925 | D:4      | Killed Natasha
  4024 | Temple   | Entered the Ecumenical Temple
  4110 | Temple   | Became a worshipper of Cheibriados the Contemplative
  4480 | D:4      | Reached skill level 1 in Invocations
  4480 | D:4      | Reached XP level 7. HP: 38/44 MP: 7/7
  4669 | D:5      | Entered Level 5 of the Dungeon
  4910 | D:5      | Reached skill level 2 in Invocations
  5072 | D:4      | Upgraded the game from 0.29-a0-67-g1d65ae1bb4 to
                  | 0.29-a0-80-g3050e97935
  5086 | D:3      | Learned a level 2 spell: Blink
  5111 | D:5      | Reached XP level 8. HP: 50/51 MP: 8/10
  5118 | D:5      | Reached * piety under Cheibriados
  5207 | D:5      | Reached skill level 3 in Invocations
  5260 | D:5      | Reached skill level 1 in Translocations
  5452 | D:5      | Reached skill level 5 in Armour
  5573 | D:5      | Noticed Blork the orc
  5582 | D:5      | Killed Blork the orc
  5699 | D:5      | Reached ** piety under Cheibriados
  5963 | D:6      | Reached skill level 4 in Invocations
  6020 | D:6      | Reached XP level 9. HP: 55/57 MP: 12/12
  6089 | D:6      | Found a glowing drain.
  6157 | Sewer    | Entered a sewer
  6376 | Sewer    | Reached *** piety under Cheibriados
  7012 | D:6      | Found a sacrificial altar of Ru.
  7025 | D:6      | Found a stormy altar of Qazlal.
  7162 | D:6      | Found a glowing golden altar of the Shining One.
  7170 | D:6      | Reached **** piety under Cheibriados
  7171 | D:6      | Reached skill level 5 in Invocations
  7553 | D:7      | Reached skill level 1 in Dodging
  7730 | D:7      | Noticed a hornet
  7731 | D:7      | Killed a hornet
  8362 | D:7      | Noticed Menkaure
  8371 | D:7      | Killed Menkaure
  8519 | D:7      | Reached XP level 10. HP: 64/64 MP: 14/14
  8899 | D:8      | Reached skill level 6 in Invocations
  8905 | D:8      | Noticed a cyclops
  8910 | D:8      | Noticed a two-headed ogre
  9027 | D:8      | Killed a two-headed ogre
 10070 | D:9      | Reached skill level 5 in Translocations
 10623 | D:10     | Entered Level 10 of the Dungeon
 10642 | D:10     | Found a staircase to the Orcish Mines.
 10783 | D:9      | Identified the +5 dagger of the Morning {holy, rPois rF-
                  | Int+4}
 11702 | D:10     | Noticed a gargoyle
 11708 | D:10     | Killed a gargoyle
 11709 | D:10     | Reached skill level 7 in Invocations
 11767 | D:10     | Found Ochou's Distillery.
 11778 | D:10     | Bought a potion of heal wounds for 55 gold pieces
 11778 | D:10     | Bought a potion of cancellation for 88 gold pieces
 11778 | D:10     | Bought a potion of heal wounds for 55 gold pieces
 11835 | D:10     | Reached XP level 11. HP: 51/71 MP: 16/16
 11846 | D:10     | Learned a level 1 spell: Apportation
 11927 | D:10     | Found a white marble altar of Elyvilon.
 12040 | D:10     | Reached ***** piety under Cheibriados
 13205 | D:11     | Reached skill level 8 in Invocations
 13424 | D:11     | Noticed a cyclops
 13428 | D:11     | Killed a cyclops
 13982 | D:11     | Noticed a death yak
 13982 | D:11     | Noticed a death yak
 14006 | D:11     | Killed a death yak
 14007 | D:11     | Reached skill level 10 in Fighting
 14007 | D:11     | Noticed a death yak
 14013 | D:11     | Killed a death yak
 14014 | D:11     | Noticed a death yak
 14017 | D:11     | Noticed a death yak
 14019 | D:11     | Killed a death yak
 14022 | D:11     | Reached skill level 10 in Maces & Flails
 14304 | D:11     | Killed a death yak
 14312 | D:11     | Killed a death yak
 14313 | D:11     | Reached skill level 9 in Invocations
 14313 | D:11     | Reached XP level 12. HP: 64/78 MP: 13/18
 14442 | D:11     | Found a staircase to the Lair.
 14456 | D:11     | Reached XP level 13. HP: 84/84 MP: 18/20
 15085 | D:11     | Reached skill level 10 in Invocations
 16124 | D:12     | Reached skill level 10 in Armour
 16130 | D:12     | Found the +3 warlock's mirror {reflect}
 16838 | D:13     | Identified the +7 war axe of Jyekhloerr {pain, rElec Int+2}
 17481 | D:13     | Noticed a rakshasa
 17515 | D:13     | Killed a rakshasa
 17655 | D:13     | Reached skill level 11 in Invocations
 17947 | D:13     | Got the Almanac of Sinister Poisoning
 18025 | D:13     | Found a gate to the Vaults.
 18025 | D:13     | Noticed a vault guard
 18025 | D:13     | Noticed a vault guard
 18025 | D:13     | Noticed a vault guard
 18025 | D:13     | Noticed a vault guard
 18025 | D:13     | Noticed a vault guard
 18026 | D:13     | Noticed a vault guard
 18106 | D:13     | Noticed a vault guard
 18137 | D:13     | Killed a vault guard
 18275 | Lair:1   | Entered Level 1 of the Lair of Beasts
 18753 | Lair:1   | Identified the amulet of Roluir {Faith rF- rN+++ Dex-2
                  | SInv}
 19316 | Lair:1   | Identified the +10 hunting sling "Isonu Ucsit" {venom,
                  | *Slow Will+ Str+2}
 19467 | Lair:2   | Gained mutation: Your large and strong wings let you fly.
                  | [Gargoyle growth]
 19467 | Lair:2   | Reached XP level 14. HP: 29/92 MP: 12/22
 20154 | Lair:2   | You are sucked into a shaft and drop 1 floor!
 20276 | Lair:3   | Reached skill level 5 in Shields
 20403 | Lair:3   | Reached skill level 12 in Invocations
 21669 | Lair:2   | Reached ****** piety under Cheibriados
 22099 | Lair:4   | Noticed Sonja
 22114 | Lair:4   | Killed Sonja
 22285 | Lair:4   | Found a staircase to the Swamp.
 22305 | Lair:4   | Found a hole to the Spider Nest.
 22627 | Lair:4   | Found a runed translucent door.
 22651 | Lair:4   | Noticed a dire elephant
 22651 | Lair:4   | Noticed a dire elephant
 23674 | Lair:4   | Killed a dire elephant
 23680 | Lair:4   | Killed a dire elephant
 23914 | Lair:4   | Identified the amulet of Pocos {rC+ rN+ Regen+ Dex-2}
 23994 | Lair:5   | Reached skill level 13 in Invocations
 23999 | Lair:5   | Reached skill level 5 in Dodging
 24014 | Lair:5   | Reached XP level 15. HP: 80/100 MP: 24/24
 24016 | Lair:5   | Identified a scroll of acquirement
 24016 | Lair:5   | Acquired a manual of Translocations
 24306 | Lair:5   | Found a staircase to the Slime Pits.
 24306 | Lair:5   | Found a viscous altar of Jiyva.
 24403 | Lair:5   | Reached skill level 10 in Translocations
 24500 | Lair:5   | Found a radiant altar of Vehumet.
 24591 | Lair:5   | Learned a level 5 spell: Manifold Assault
 24846 | Lair:6   | Entered Level 6 of the Lair of Beasts
 26184 | Orc:1    | Entered Level 1 of the Orcish Mines
 26487 | Orc:1    | Found a shimmering blue altar of Sif Muna.
 26597 | Orc:1    | Paralysed by an orc sorcerer for 3 turns
 26721 | Orc:2    | Entered Level 2 of the Orcish Mines
 26765 | Orc:2    | Found a staircase to the Elven Halls.
 26819 | Elf:1    | Entered Level 1 of the Elven Halls
 26896 | Orc:2    | Reached XP level 16. HP: 90/107 MP: 26/26
 26908 | Orc:2    | Found Fype's Antique Weapon Shoppe.
 26908 | Orc:2    | Found Tionath's Distillery.
 26908 | Orc:2    | Found Uhomause's Book Shop.
 26908 | Orc:2    | Found Jabrytyp's Antique Armour Shoppe.
 27023 | Orc:2    | Bought a pair of embroidered boots for 285 gold pieces
 27023 | Orc:2    | Bought a shiny kite shield for 285 gold pieces
 27652 | Orc:2    | Reached skill level 1 in Stealth
 28317 | D:14     | Paralysed by a floating eye for 3 turns
 28343 | D:14     | Reached skill level 14 in Invocations
 28601 | D:14     | Reached skill level 1 in Evocations
 28736 | D:15     | Entered Level 15 of the Dungeon
 28774 | D:15     | Noticed Kirke
 28789 | D:15     | Killed Kirke
 28790 | D:15     | Reached skill level 15 in Fighting
 28974 | D:15     | Found Yrynk's Weapon Emporium.
 29297 | D:15     | Noticed Jorgrun
 29314 | D:15     | Killed Jorgrun
 29584 | D:15     | Found a staircase to the Depths.
 29814 | Spider:1 | Entered Level 1 of the Spider Nest
 29871 | Spider:1 | Reached XP level 17. HP: 82/113 MP: 0/27
 29880 | Spider:1 | Reached skill level 5 in Stealth
 30227 | Spider:1 | Identified the +2 spear of Action {freeze, Dex+3}
 31891 | Spider:3 | Reached skill level 15 in Invocations
 32007 | Spider:3 | Reached skill level 15 in Maces & Flails
 32522 | Spider:4 | Entered Level 4 of the Spider Nest
 32522 | Spider:4 | Noticed Arachne
 32541 | Spider:4 | Killed Arachne
 32542 | Spider:4 | Reached skill level 5 in Evocations
 32791 | Spider:4 | Reached XP level 18. HP: 83/120 MP: 29/29
 33697 | Spider:4 | Got a gossamer rune of Zot
 34617 | Spider:4 | Found a runed translucent door.
 34619 | Spider:4 | Noticed Ruophafu's ghost (journeyman DsFi)
 34753 | Spider:4 | Killed Ruophafu's ghost
 34882 | Swamp:1  | Entered Level 1 of the Swamp
 34882 | Swamp:1  | Noticed Donald
 34891 | Swamp:1  | Killed Donald
 35147 | Vaults:1 | Entered Level 1 of the Vaults
 35175 | Vaults:1 | Cast into level 3 of the Abyss (a wizard)
 35175 | Abyss:3  | Found a corrupted altar of Lugonu.
 35218 | Vaults:1 | Escaped the Abyss
 35518 | Vaults:1 | Reached skill level 16 in Invocations
 36112 | Swamp:1  | Noticed Josephine
 36126 | Swamp:1  | Killed Josephine
 36537 | Swamp:2  | Noticed Louise
 36561 | Swamp:2  | Cast into level 3 of the Abyss (Louise)
 36575 | Swamp:2  | Escaped the Abyss
 36582 | Swamp:2  | Killed Louise
 36794 | Swamp:2  | Reached XP level 19. HP: 127/127 MP: 31/31
 36797 | Swamp:2  | Noticed Roxanne
 36801 | Swamp:2  | Noticed Mlioglotl
 36827 | Swamp:2  | Noticed a bone dragon
 36827 | Swamp:2  | Killed Mlioglotl
 36842 | Swamp:2  | Killed Roxanne
 37160 | Swamp:3  | Reached skill level 17 in Invocations
 37264 | Swamp:3  | Reached skill level 10 in Shields
 37328 | Swamp:3  | Noticed Aizul
 37344 | Swamp:3  | Killed Aizul
 38148 | Swamp:4  | Entered Level 4 of the Swamp
 38311 | Swamp:4  | Identified the +3 ring mail of Cynicism {Will+ rCorr Str-5
                  | Dex+2}
 38559 | Swamp:4  | Found a runed translucent door.
 38559 | Swamp:4  | Found a shimmering altar of Xom.
 38559 | Swamp:4  | Noticed kuniqs's ghost (adept TrFi)
 38856 | Swamp:4  | Noticed the 27-headed Lernaean hydra
 38868 | Swamp:4  | Killed the 27-headed Lernaean hydra
 38886 | Swamp:4  | Reached skill level 18 in Invocations
 38978 | Swamp:4  | Got a decaying rune of Zot
 39085 | Swamp:4  | Killed kuniqs's ghost
 40338 | Vaults:1 | Reached XP level 20. HP: 131/134 MP: 33/33
 41225 | Vaults:2 | Found Plog's Book Emporium.
 41235 | Vaults:2 | Upgraded the game from 0.29-a0-80-g3050e97935 to
                  | 0.29-a0-91-gdebf4667c2
 41240 | Vaults:2 | You are sucked into a shaft and drop 2 floors!
 41355 | Vaults:3 | Cast into level 2 of the Abyss (a wizard)
 41454 | Vaults:3 | Escaped the Abyss
 41752 | Vaults:2 | Reached skill level 19 in Invocations
 42233 | Elf:1    | Paralysed by an air elemental for 1 turns
 42727 | Elf:1    | Paralysed by an air elemental for 1 turns
 43092 | Elf:2    | Learned a level 3 spell: Lesser Beckoning
 43438 | Elf:2    | Reached skill level 20 in Invocations
 43719 | Elf:2    | Found a runed translucent gate.
 43719 | Elf:2    | Found a runed translucent gate.
 43720 | Elf:2    | Found a runed translucent gate.
 44052 | Elf:2    | Reached XP level 21. HP: 108/140 MP: 35/35
 44343 | Elf:3    | Entered Level 3 of the Elven Halls
 44518 | Elf:3    | Found Vicweaxu's Antique Weapon Emporium.
 44522 | Elf:3    | Identified the +0 pair of boots of Paqythrima {rF+}
 45167 | Elf:3    | Reached skill level 21 in Invocations
 45274 | Elf:3    | Identified the +3 war axe of Wounding {vorpal, Fragile
                  | rC+++ Dex-4 SInv}
 45289 | Elf:3    | Identified the +8 glaive of Famine {spect, rF+ rC+ Int-3
                  | Dex+5}
 45309 | Elf:3    | Reached skill level 10 in Dodging
 45325 | Elf:3    | Identified the +12 hand axe of the Fray {flame, rC+++ Will-
                  | Int+3 Stlth+}
 45325 | Elf:3    | Identified the +1 leather armour "Huacin" {Harm rF+ Str-4
                  | Int+9}
 45325 | Elf:3    | Identified the ring "Atias" {Ice Str+4}
 45529 | Elf:3    | Found the +18 shield of the Gong {rElec rN+ Will+ EV-5}
 45546 | Elf:3    | Got Etziruq's Guide on Hexes
 45584 | Elf:3    | Identified the +6 dagger of Contradiction {holy, rN++ Will+
                  | Int+5}
 45592 | Elf:3    | Identified the +7 longbow "Oheoqirgh" {speed, *Slow rPois
                  | Will++ SInv}
 46022 | Depths:1 | Entered Level 1 of the Depths
 46400 | Depths:1 | Found a one-way gate leading to the halls of Pandemonium.
 46705 | Depths:1 | Found a gateway to Hell.
 47183 | Depths:2 | Reached skill level 15 in Armour
 47194 | Depths:2 | Reached XP level 22. HP: 138/147 MP: 36/36
 47412 | Depths:2 | Found Mucago's Magic Scroll Emporium.
 47963 | Vaults:2 | Found the +3 hat of Pondering {ponderous, Will+ MP+10
                  | Int+5}
 47980 | Vaults:2 | Found a radiant altar of Vehumet.
 47996 | Vaults:2 | Identified the +2 hat of Purpose {Rampage rN++}
 48022 | Vaults:2 | Found the +5 robe of Misfortune {Harm *Corrode *Slow EV+5}
 48047 | Vaults:2 | Found a staircase to the Crypt.
 48391 | Vaults:2 | Reached skill level 22 in Invocations
 48544 | Vaults:3 | Gained mutation: You occasionally shout uncontrollably at
                  | your foes. [mutagenic glow]
 48552 | Vaults:3 | Gained mutation: You are frail. (-10% HP) [mutagenic glow]
 48559 | Vaults:3 | Gained mutation: You have supernaturally acute eyesight.
                  | (SInv) [mutagenic glow]
 48937 | Vaults:3 | Noticed Saint Roka
 49540 | Vaults:3 | Killed Saint Roka
 49784 | Vaults:3 | Found Mygippime's Assorted Antiques.
 49833 | Vaults:3 | Bought a scroll of enchant armour for 202 gold pieces
 50236 | Vaults:4 | Reached XP level 23. HP: 121/139 MP: 38/38
 50306 | Vaults:3 | Lost mutation: You have supernaturally acute eyesight.
                  | (SInv) [potion of mutation]
 50306 | Vaults:3 | Lost mutation: You are frail. (-10% HP) [potion of
                  | mutation]
 50306 | Vaults:3 | Lost mutation: You occasionally shout uncontrollably at
                  | your foes. [potion of mutation]
 50306 | Vaults:3 | Gained mutation: You are agile. (Dex +2) [potion of
                  | mutation]
 50306 | Vaults:3 | Gained mutation: You expend magic power (3 MP) to
                  | strengthen your wands. [potion of mutation]
 50306 | Vaults:3 | Gained mutation: You have a pair of small antennae on your
                  | head. [potion of mutation]
 50395 | Vaults:4 | Noticed Boris
 50411 | Vaults:4 | Killed Boris
 50708 | Vaults:4 | Reached skill level 10 in Stealth
 51587 | Vaults:4 | Upgraded the game from 0.29-a0-91-gdebf4667c2 to
                  | 0.29-a0-92-gee772dd00f
 51648 | Vaults:5 | Entered Level 5 of the Vaults
 51976 | Vaults:5 | Noticed an ancient lich
 51982 | Vaults:5 | Killed an ancient lich
 51984 | Vaults:5 | Noticed an ancient lich
 51993 | Vaults:5 | Reached skill level 23 in Invocations
 52008 | Vaults:5 | Killed an ancient lich
 52106 | Vaults:5 | Reached XP level 24. HP: 55/163 MP: 25/38
 52552 | Vaults:5 | Paralysed by a sphinx for 6 turns
 53015 | Vaults:5 | Learned a level 6 spell: Dispersal
 53021 | Vaults:5 | Identified the +6 chain mail of the Moon {-Tele rN+ Regen+
                  | Dex+8}
 53027 | Vaults:5 | Identified the +5 quarterstaff of the Apocalypse {flame,
                  | MP+9 Int+4 Dex+4}
 53040 | Vaults:5 | Got the Tome of Bewitching Evil
 53503 | Vaults:5 | Got a silver rune of Zot
 53576 | Vaults:5 | Identified the +1 chain mail of Fitet {rF+}
 54024 | Hell     | Entered the Vestibule of Hell
 54025 | Hell     | Noticed Geryon
 54381 | Hell     | Killed Geryon
 54556 | Hell     | Found a gateway to the Iron City of Dis.
 54710 | Hell     | Found a gateway to the decaying netherworld of Tartarus.
 55126 | Hell     | Found a gateway to the ashen valley of Gehenna.
 55228 | Hell     | Found a gateway to the freezing wastes of Cocytus.
 55283 | Hell     | Reached skill level 15 in Translocations
 55548 | Crypt:1  | Entered Level 1 of the Crypt
 55757 | Crypt:1  | Noticed Mennas
 56018 | Crypt:1  | Killed Mennas
 56019 | Crypt:1  | Reached XP level 25. HP: 76/170 MP: 38/38
 56165 | Crypt:1  | Found a runed translucent gate.
 56166 | Crypt:1  | Found a runed translucent gate.
 56170 | Crypt:1  | Found a runed translucent gate.
 56955 | Crypt:2  | Reached skill level 1 in Spellcasting
 56996 | Crypt:2  | Noticed Margery
 57027 | Crypt:2  | Killed Margery
 57143 | Crypt:2  | Noticed Sojobo
 57169 | Crypt:2  | Killed Sojobo
 57181 | Crypt:2  | Noticed Frederick
 57196 | Crypt:2  | Killed Frederick
 57221 | Crypt:2  | Reached skill level 5 in Spellcasting
 57673 | Crypt:3  | Entered Level 3 of the Crypt
 57687 | Crypt:3  | Noticed a dread lich
 57698 | Crypt:3  | Killed a dread lich
 57842 | Crypt:3  | Found a runed translucent gate.
 57842 | Crypt:3  | Found a runed translucent gate.
 57846 | Crypt:3  | Found a runed translucent gate.
 57846 | Crypt:3  | Noticed Zaowoih's ghost (veteran GrFi)
 57899 | Crypt:3  | Noticed Boris
 57907 | Crypt:3  | Killed Boris
 58215 | Crypt:3  | Identified the +0 scale mail of Makhleb's Whim {Drain rElec
                  | Regen+}
 58378 | Crypt:3  | Reached skill level 10 in Spellcasting
 58438 | Crypt:3  | Upgraded the game from 0.29-a0-92-gee772dd00f to
                  | 0.29-a0-210-g9445043ebc
 58440 | Crypt:3  | Learned a level 1 spell: Animate Skeleton
 58452 | Crypt:3  | Found an ancient bone altar of Kikubaaqudgha.
 58493 | Crypt:3  | Reached skill level 1 in Necromancy
 58668 | Crypt:3  | Noticed Jory
 58681 | Crypt:3  | Killed Jory
 58681 | Crypt:3  | Paralysed by something for 2 turns
 58682 | Crypt:3  | Reached XP level 26. HP: 127/176 MP: 38/38
 58713 | Crypt:3  | Found the +13 scythe of Curses {drain, Drain}
 58817 | Crypt:3  | Reached skill level 5 in Necromancy
 59007 | Crypt:3  | Killed Zaowoih's ghost
 59094 | Crypt:3  | Found a staircase to the Tomb.
 59682 | Dis:1    | Entered Level 1 of the Iron City of Dis
 59771 | Depths:2 | Bought a scroll of teleportation for 60 gold pieces
 59771 | Depths:2 | Bought a scroll of fog for 40 gold pieces
 59771 | Depths:2 | Bought 2 scrolls of teleportation for 120 gold pieces
 59878 | Depths:2 | Found a one-way gateway to a ziggurat.
 60222 | Depths:2 | Found a hazy altar of Hepliaklqana.
 60599 | Depths:3 | Cast into level 3 of the Abyss (a wizard)
 60599 | Abyss:3  | Found a corrupted altar of Lugonu.
 61028 | Abyss:4  | Upgraded the game from 0.29-a0-210-g9445043ebc to
                  | 0.29-a0-218-gf2abdc9806
 61109 | Abyss:4  | Paralysed by accursed screaming for 1 turns
 61247 | Abyss:4  | Paralysed by accursed screaming for 1 turns
 61494 | Abyss:4  | Paralysed by accursed screaming for 1 turns
 61581 | Abyss:4  | Gained mutation: Your magical capacity is low. (-10% MP) [a
                  | neqoxec]
 61603 | Abyss:4  | Lost mutation: Your magical capacity is low. (-10% MP) [a
                  | cacodemon]
 61605 | Abyss:4  | Gained mutation: You are dopey. (Int -2) [a neqoxec]
 61688 | Abyss:4  | Noticed a dread lich
 61692 | Abyss:4  | Paralysed by a dread lich for 4 turns
 61709 | Abyss:4  | Paralysed by something for 7 turns
 61722 | Depths:3 | Escaped the Abyss
 62044 | Depths:3 | Found a one-way gate to the infinite horrors of the Abyss.
 62157 | Depths:3 | Noticed an ancient lich
 62170 | Depths:3 | Killed an ancient lich
 62237 | Depths:3 | Found a basalt altar of Yredelemnul.
 62277 | Depths:3 | Found Yxufued's Magic Scroll Shoppe.
 62280 | Depths:3 | Found Cined's Antique Weapon Shoppe.
 62280 | Depths:3 | Found Eryh's Book Emporium.
 62285 | Depths:3 | Found Palemos's Armour Emporium.
 62296 | Depths:3 | Bought a Necronomicon for 672 gold pieces
 62572 | Depths:3 | Reached skill level 10 in Necromancy
 63120 | Depths:4 | Entered Level 4 of the Depths
 63387 | Depths:4 | Found a gate to the Realm of Zot.
 63922 | Depths:4 | Found an iron altar of Okawaru.
 64002 | Depths:4 | Found a sparkling altar of Nemelex Xobeh.
 64066 | Depths:4 | Reached XP level 27. HP: 152/181 MP: 38/38
 64336 | Zot:1    | Entered Level 1 of the Realm of Zot
 64848 | Zot:1    | Learned a level 8 spell: Borgnjor's Revivification
 66016 | Zot:2    | Reached skill level 15 in Necromancy
 66016 | Zot:2    | Noticed an orb of fire
 66032 | Zot:2    | Gained mutation: Your magical capacity is low. (-10% MP)
                  | [an orb of fire]
 66037 | Zot:2    | Killed an orb of fire
 66662 | Slime:1  | Entered Level 1 of the Pits of Slime
 66919 | Slime:2  | Gained mutation: Your magical capacity is very low. (-20%
                  | MP) [a shining eye]
 67481 | Slime:3  | Gained mutation: Potions are less effective at restoring
                  | your health. [a shining eye]
 67483 | Slime:3  | Gained mutation: You are occasionally teleported next to
                  | monsters. [a shining eye]
 67945 | Slime:4  | Gained mutation: You are frail. (-10% HP) [a shining eye]
 68393 | Slime:5  | Entered Level 5 of the Pits of Slime
 68679 | Slime:5  | Noticed the Royal Jelly
 68726 | Slime:5  | Gained mutation: You do not regenerate when monsters are
                  | visible. [a shining eye]
 68856 | Slime:5  | Killed the Royal Jelly
 69191 | Slime:5  | Identified the +7 short sword of Kudesus {pain, *Rage
                  | Str+5}
 69204 | Slime:5  | Identified the +8 chain mail of Greed {+Inv rPois Str+4}
 69219 | Slime:5  | Identified the ring of Kuruiled {Wiz rPois Int+2}
 69222 | Slime:5  | Got a slimy rune of Zot
 69223 | Slime:5  | Identified the ring of Leaves {Ice Int+3}
 69535 | Slime:5  | Got the Handbook of the Mutagenic Voyage
 69560 | Slime:5  | Got the Handbook of Unholy Secrets
 69569 | Slime:5  | Identified the ring of Balance {rPois AC+4 Int+2}
 69845 | Slime:2  | Gained mutation: Your magical capacity is extremely low.
                  | (-30% MP) [a shining eye]
 70500 | Lair:5   | Lost mutation: Your magical capacity is extremely low.
                  | (-30% MP) [potion of mutation]
 70500 | Lair:5   | Lost mutation: You have a pair of small antennae on your
                  | head. [potion of mutation]
 70500 | Lair:5   | Lost mutation: You are occasionally teleported next to
                  | monsters. [potion of mutation]
 70500 | Lair:5   | Gained mutation: You are very agile. (Dex +4) [potion of
                  | mutation]
 70500 | Lair:5   | Lost mutation: You do not regenerate when monsters are
                  | visible. [potion of mutation]
 70501 | Lair:5   | Lost mutation: You are very agile. (Dex +4) [potion of
                  | mutation]
 70501 | Lair:5   | Lost mutation: Potions are less effective at restoring your
                  | health. [potion of mutation]
 70501 | Lair:5   | Lost mutation: Your magical capacity is very low. (-20% MP)
                  | [potion of mutation]
 70501 | Lair:5   | Gained mutation: You are very frail. (-20% HP) [potion of
                  | mutation]
 70501 | Lair:5   | Gained mutation: Your spells are a little harder to cast,
                  | but a little more powerful. [potion of mutation]
 70502 | Lair:5   | Lost mutation: Your spells are a little harder to cast, but
                  | a little more powerful. [potion of mutation]
 70502 | Lair:5   | Lost mutation: You expend magic power (3 MP) to strengthen
                  | your wands. [potion of mutation]
 70502 | Lair:5   | Lost mutation: You are agile. (Dex +2) [potion of mutation]
 70502 | Lair:5   | Gained mutation: You have sharp toenails. [potion of
                  | mutation]
 70502 | Lair:5   | Lost mutation: You are very frail. (-20% HP) [potion of
                  | mutation]
 70502 | Lair:5   | Gained mutation: You have a pair of small horns on your
                  | head. [potion of mutation]
 70503 | Lair:5   | Lost mutation: You are dopey. (Int -2) [potion of mutation]
 70503 | Lair:5   | Lost mutation: You are frail. (-10% HP) [potion of
                  | mutation]
 70503 | Lair:5   | Lost mutation: Your magical capacity is low. (-10% MP)
                  | [potion of mutation]
 70503 | Lair:5   | Gained mutation: Your mind is acute. (Int +2) [potion of
                  | mutation]
 71013 | Zig:1    | Entered Level 1 of a ziggurat
 71038 | Zig:2    | Entered Level 2 of a ziggurat
 71071 | Zig:3    | Entered Level 3 of a ziggurat
 71091 | Zig:3    | Reached skill level 24 in Invocations
 71104 | Zig:4    | Entered Level 4 of a ziggurat
 71108 | Zig:4    | Noticed a juggernaut
 71116 | Zig:4    | Paralysed by an orc sorcerer for 2 turns
 71120 | Zig:4    | Killed a juggernaut
 71164 | Zig:5    | Entered Level 5 of a ziggurat
 71203 | Zig:5    | Identified the +2 chain mail "Gajaotzy" {Harm rElec Int-3
                  | Dex+10}
 71328 | Zig:6    | Entered Level 6 of a ziggurat
 71334 | Zig:6    | Noticed an ancient lich
 71345 | Zig:6    | Killed an ancient lich
 71423 | Zig:7    | Entered Level 7 of a ziggurat
 71425 | Zig:7    | Noticed Duggavoe the pandemonium lord
 71455 | Zig:7    | Mangled by Duggavoe the pandemonium lord

Illustrated notes

Levels and vault maps discovered:
D:1:      erik_arrival_blinker_ship, layout_loops_ring,
          shapermc_ecumenical_altar_flowoftime, chequers_avenue,
          bh_walls_and_bars
D:2:      layout_loops_ring, minmay_randomly_rotated_circles
D:3:      layout_loops_corners
D:4:      layout_loops_ring, minmay_temple_entry_hall, uniq_natasha
D:5:      layout_loops_ring, serial_undead, serial_undead_f, serial_undead_c,
          serial_undead_e, serial_undead_d, uniq_blork_the_orc
D:6:      layout_rooms, nicolae_tso_besieged_by_evil, nicolae_overflow_squiral,
          gup_sewer_entry_pipe
D:7:      layout_basic, uniq_menkaure
D:8:      layout_basic
D:9:      layout_cave_pools, kennysheep_generic_room_11
D:10:     layout_long_grid, lemuel_doored_altar, zombieorc2_lemuel,
          serial_shops, shop, special_room [special_room_kobold],
          minmay_misc_feat_columns, minmay_unpleasant_kobolds
D:11:     layout_basic, dpeg_lair_monsters
D:12:     minmay_smoke_and_mirrors, layout_gridville
D:13:     layout_small_grid, erik_vaults_2, special_room [special_room_orc],
          minmay_statues_item
D:14:     layout_rooms
D:15:     grunt_enter_depths_snipers, layout_rooms, hangedman_decor_peaks_small,
          chequers_jeans, nicolae_inconvenience_store,
          minmay_misc_feat_enclosed, uniq_kirke, uniq_jorgrun
Temple:   compressed_dpeg_circular_temple
Lair:1:   layout_chaotic_city, serial_bayou_shore_b, grunt_megastairs_1
Lair:2:   cheibrodos_lair_river_kwai, layout_concentric_octagons,
          eino_house_with_fridge, lemuel_fruit_fields
Lair:3:   layout_chaotic_city, lemuel_fruit_tree
Lair:4:   gammafunk_lair_enchanted_lake, layout_gridlike,
          skrybe_swamp_entry_bodies, spider_nest_entry_web_field,
          hibernation_bobbens, serial_bayou_shore_b,
          infiniplex_staircase_pool_2, lemuel_fruit_fields, uniq_sonja
Lair:5:   layout_regular_city, slime_altar_1, chequers_serial_rivers_marsh,
          nicolae_lair_grove_arrangements, lemuel_oklob_altar,
          infiniplex_staircase_pool, grunt_megastairs_5
Lair:6:   minmay_lair_end_frog_pond, layout_gridlike, serial_bayou,
          serial_bayou_lagoon_a, serial_bayou_shore_a, serial_bayou_pond_e,
          serial_bayou_pond_b, serial_bayou_pond_e, serial_bayou_pond_e,
          chequers_serial_rivers_large_b, grunt_forest_small_clearings,
          serial_bayou_shore_b
Swamp:1:  layout_basic_swamp, serial_swamp_ruin, evilmike_swamp_ruin_house_6,
          hangedman_swamp_ruin_wall, swamp_pool2, uniq_josephine, uniq_donald
Swamp:2:  layout_falls_marsh, nicolae_swamp_tree_isthmus, uniq_louise,
          uniq_mlioglotl, uniq_roxanne
Swamp:3:  layout_falls_marsh, nicolae_swamp_orc_logging_accident, uniq_aizul
Swamp:4:  swamp_old_school, layout_basic_swamp, ebering_ghost_xom
Spider:1: layout_spider_delve
Spider:2: layout_spider_delve
Spider:3: layout_spider_delve, nicolae_orb_stairs
Spider:4: spider_rune_water, ebering_ghost_inner_flame, uniq_arachne
Slime:1:  layout_caves, cheibrodos_slime_lost_civilization_5
Slime:2:  layout_caves
Slime:3:  layout_caves
Slime:4:  layout_caves
Slime:5
Orc:1:    layout_diamond_mine, kennysheep_orc_sif_temple
Orc:2:    st_orc_ogre_mass, layout_caves
Elf:1:    eino_elf_arrival_customs, layout_loops_cross, hangedman_elf_represent,
          onia_ninara_cookie
Elf:2:    nicolae_elf_blades_splatter_lattice [mumra_blade_entry_dagger],
          layout_geoelf_grid
Elf:3:    elf_hall, layout_geoelf_octagon, st_stairs_7, minmay_shop_star
Vaults:1: nicolae_vaults_little_ls, v_rooms_2, vaults_mumra_hexcomb,
          grunt_vaults_funnel, nicolae_vaults_stairing_the_circle,
          nicolae_vaults_three_branches, vaults_room_semicircle,
          vaults_room_stairs_pillars, nicolae_vaults_little_squares_4,
          ontoclasm_vaults_chip, layout_vaults_omnigrid
Vaults:2: v_misc_27, minmay_crypt_entry_vampire_xt, vaults_room_door_hall,
          v_misc_24, v_misc_14, grunt_tower_of_power, v_misc_30,
          nicolae_vaults_big_angled_halls, v_misc_15,
          ontoclasm_vaults_ring_small, nicolae_vaults_theta,
          nicolae_vaults_specimen_jars, nicolae_vaults_little_squares_6,
          nicolae_vaults_alarming, layout_vaults_big_cross, serial_shops, shop
Vaults:3: st_quartered_hall, v_rooms_1, vaults_room_door_hall,
          hangedman_vaults_capsules, nicolae_vaults_what_the_h, v_pattern_5,
          v_misc_10, vaults_room_semicircle, vaults_room_semicircle,
          layout_vaults_big_room, serial_shops, shop, uniq_saint_roka
Vaults:4: v_pattern_1, v_misc_17, hangedman_vaults_unwind,
          nicolae_vaults_circle_grid_b, st_cross, vaults_standard_mumra_lines,
          v_misc_10, nicolae_vaults_angled_halls, vaults_dpeg_encased_lava,
          v_misc_18, v_misc_28, ontoclasm_vaults_loading_screen,
          ontoclasm_vaults_fault, vaults_dpeg_hooks,
          nicolae_vaults_diagonal_hallway_6, vaults_room_hallway,
          layout_vaults_maze_snakey, uniq_boris
Vaults:5
Crypt:1:  layout_rooms, pandoras_box_mu, grunt_crypt_arrival_webbed, uniq_mennas
Crypt:2:  layout_misc_corridors, lemuel_upstairs_altar, grunt_megastairs_2,
          uniq_sojobo, uniq_frederick, uniq_margery
Crypt:3:  church_of_pain_bobbens, layout_chaotic_city,
          nicolae_tomb_entry_rubble_hallway, gammafunk_ghost_spectres
Depths:1: layout_cave_pools, chequers_serial_rivers_room_a,
          rand_demon_pan_entry_7, hell_entry, water_boxes_lemuel
Depths:2: grunt_bruiser_brothers, layout_long_grid, enter_ziggurat_c,
          serial_shops, nicolae_diamond_shop, nicolae_hepliaklqana_hazy_memory,
          rand_demon_pan_entry_1, hell_entry, fountainhead,
          kennysheep_generic_room_3, infiniplex_staircase_zigzag_5
Depths:3: lemuel_traditional_vault, layout_cave_pools,
          yredelemnul_altar_generic, abyss_entry_small_statue_room, hell_entry,
          minmay_shoptagon, minmay_staircase_windowed_small,
          serial_bayou_shore_b
Depths:4: evilmike_zot_entry_argh, layout_gridlike, serial_curves,
          eino_curves_02, eino_curves_04, hell_entry, grunt_pan_entry_zigzag,
          nemelex_lonely_heart_becter, okawaru_gym_becter, serial_bayou_shore_b
Hell
Dis:1:    layout_subdivisions
Zot:1:    layout_gridlike, hangedman_zot_spectrum
Zot:2:    layout_concentric_octagons
Zig:7

Skill      XL: |  1  2  3  4  5  6  7  8  9 10 11 12 13 14 15 16 17 18 19 20 21 22 23 24 25 26 27 |
---------------+----------------------------------------------------------------------------------+-----
Maces & Flails | 3 4 5 6 7 8 10 12 13 14 15 16 17 18 | 18.0
Fighting       | 4 5 6 7 8 9 10 11 12 14 15 16 17 18 19 20 | 20.8
Invocations    | 1 2 4 5 7 9 11 13 14 15 16 18 20 21 22 23 24 | 24.5
Armour         | 4 5 6 8 9 10 11 12 13 14 15 16 17 | 17.2
Translocations | 2 4 6 14 15 | 15.1
Dodging        | 2 4 5 8 10 13 | 13.5
Shields        | 4 6 9 10 12 13 | 13.7
Stealth        | 4 7 8 12 13 | 13.4
Evocations     | 2 5 6 8 9 |  9.1
Spellcasting   | 10 | 10.3
Necromancy     | 4 12 15 | 15.9

Action                   |  1- 3 |  4- 6 |  7- 9 | 10-12 | 13-15 | 16-18 | 19-21 | 22-24 | 25-27 || total
-------------------------+-------+-------+-------+-------+-------+-------+-------+-------+-------++-------
Melee: Flail             |   170 |   223 |   605 |   226 |       |       |       |       |       ||  1224
       Morningstar       |       |       |       |   337 |  1198 |  1625 |  1590 |  1171 |       ||  5921
       Eveningstar       |       |       |       |       |       |       |       |   551 |  2855 ||  3406
       Headbutt          |       |       |       |       |       |       |       |       |    46 ||    46
Throw: Dart              |       |       |       |     1 |       |       |       |       |       ||     1
 Cast: Blink             |       |       |       |     2 |     4 |    13 |     4 |     5 |     1 ||    29
       Manifold Assault  |       |       |       |       |     2 |     1 |       |       |       ||     3
       Apportation       |       |       |       |       |     1 |       |       |       |       ||     1
       Lesser Beckoning  |       |       |       |       |       |       |    21 |    39 |     3 ||    63
       Dispersal         |       |       |       |       |       |       |       |       |     1 ||     1
Invok: Slouch            |       |       |     1 |     4 |     7 |    10 |    14 |    10 |    19 ||    65
       Bend Time         |       |       |       |     7 |    11 |     7 |     8 |     6 |    11 ||    50
       Step From Time    |       |       |       |       |       |       |       |     2 |     5 ||     7
       Temporal Distorti |       |       |       |       |       |       |       |     1 |     1 ||     2
Evoke: Wand              |       |       |       |     2 |     7 |    26 |     5 |     5 |     5 ||    50
       Condenser vane    |       |       |       |       |       |       |     4 |     3 |     4 ||    11
  Use: Scroll            |       |    12 |     5 |    11 |    16 |    16 |    17 |    19 |    19 ||   115
       Potion            |       |     1 |     3 |     3 |     1 |     4 |    13 |    23 |    14 ||    62
 Stab: Paralysed         |       |       |       |       |       |     3 |       |       |       ||     3
       Distracted        |       |       |       |       |       |     3 |     2 |     9 |    11 ||    25
       Sleeping          |       |       |       |       |       |     3 |     7 |     6 |    28 ||    44
       Confused          |       |       |       |       |       |       |     2 |     1 |       ||     3
       Invisible         |       |       |       |       |       |       |       |     7 |       ||     7
Armor: Scale mail        |   123 |   121 |   389 |   160 |       |       |       |       |       ||   793
       Chain mail        |       |       |       |   236 |   660 |  1067 |   848 |   871 |  1107 ||  4789
       Ring mail         |       |       |       |       |       |       |       |       |   219 ||   219
       Fire dragon scale |       |       |       |       |       |       |       |       |    71 ||    71
Dodge: Dodged            |    93 |    87 |   236 |   272 |   711 |  1168 |   967 |  1173 |  2062 ||  6769
Block: Buckler           |    46 |    41 |   216 |   288 |   655 |   761 |       |       |       ||  2007
       Reflection        |       |       |       |       |    21 |    52 |    83 |    60 |    32 ||   248
       Kite shield       |       |       |       |       |       |   279 |  1448 |  1922 |  3094 ||  6743

Table legend: (Time is in decaauts)
 A = Elapsed time spent in this place.
 B = Non-inter-level travel time spent in this place.
 C = Inter-level travel time spent in this place.
 D = Time resting spent in this place.
 E = Time spent auto-exploring this place.
 F = Levels seen in this place.
 G = Mean time per level.
                   A        B        C        D        E       F      G
               +--------+--------+--------+--------+--------+-----+--------+
         Total | 104619 |  95471 |   9148 |  13715 |  58254 |  69 | 1516.2 |
       Dungeon |  27827 |  24973 |   2854 |   5190 |  14971 |  15 | 1855.1 |
        Temple |     98 |     73 |     25 |      0 |     57 |   1 |   98.0 |
          Lair |  13448 |  11912 |   1536 |    984 |   9120 |   6 | 2241.3 |
         Swamp |   5225 |   4826 |    399 |    466 |   3328 |   4 | 1306.2 |
   Spider Nest |   7044 |   6755 |    289 |   1169 |   4082 |   4 | 1761.0 |
    Slime Pits |   5336 |   5163 |    173 |   1197 |   2387 |   5 | 1067.2 |
  Orcish Mines |   2866 |   2642 |    224 |    196 |   1804 |   2 | 1433.0 |
   Elven Halls |   6120 |   5670 |    450 |    412 |   3668 |   3 | 2040.0 |
        Vaults |  15110 |  13747 |   1363 |   1777 |   7944 |   5 | 3022.0 |
         Crypt |   5500 |   5256 |    244 |    830 |   2778 |   3 | 1833.3 |
        Depths |   8788 |   7401 |   1387 |    823 |   4615 |   4 | 2197.0 |
          Hell |   1622 |   1532 |     90 |    183 |    628 |   1 | 1622.0 |
           Dis |     11 |     11 |      0 |      0 |      0 |   1 |   11.0 |
           Zot |   2676 |   2568 |    108 |    312 |   1696 |   2 | 1338.0 |
         Abyss |   1820 |   1820 |      0 |      0 |    804 |   5 |  364.0 |
      Ziggurat |    520 |    520 |      0 |    132 |     17 |   7 |   74.3 |
         Sewer |    602 |    602 |      0 |     43 |    352 |   1 |  602.0 |
               +--------+--------+--------+--------+--------+-----+--------+

Top non-repeatable levels by time:
Vaults:1: 3572 daAuts
Vaults:2: 3385 daAuts
  Lair:4: 3265 daAuts
    D:11: 3075 daAuts
Spider:4: 3044 daAuts
    D:12: 2956 daAuts
Vaults:3: 2939 daAuts
    D:13: 2847 daAuts
  Lair:2: 2760 daAuts
Depths:2: 2717 daAuts
Vaults:5: 2660 daAuts
Vaults:4: 2552 daAuts
 Crypt:3: 2366 daAuts
    D:10: 2332 daAuts
    D:15: 2324 daAuts
